 Dungeon Crawl Stone Soup version 0.31-a0-217-g58bb5d79cf (webtiles) character file.

Game seed: 17557782434921483251

9 qw the Shooter (level 2, 0/20 (23) HPs)
             Began as a Minotaur Hexslinger on July 2, 2023.
             Slain by a jackal (1 damage)
             ... on level 1 of the Dungeon.
             The game lasted 00:00:04 (88 turns).

qw the Shooter (Minotaur Hexslinger)                  Turns: 88, Time: 00:00:04

HP:   0/20 (23)     AC:  2    Str: 12    XL:     2   Next: 6%
MP:   2/2           EV: 12    Int: 10    God:
Gold: 0             SH:  0    Dex: 12    Spells: 2/3 levels left

rFire   . . .        a - +1 sling
rCold   . . .        (no shield)
rNeg    . . .        c - +0 robe
rPois   .            (helmet restricted)
rElec   .            (no cloak)
rCorr   .            (no gloves)
SInv    .            (no boots)
Will    .....        (no amulet)
Stlth   +            (no ring)
HPRegen 0.23/turn    (no ring)
MPRegen 0.08/turn

%: no passive effects
@: heavily drained
A: horns 2, retaliatory headbutt
a: no special abilities


You were on level 1 of the Dungeon.
You visited 1 branch of the dungeon, and saw 1 of its levels.


Innate Abilities, Weirdness & Mutations

You have a pair of horns on your head.
You reflexively headbutt those who attack you in melee.


   Skills:
 + Level 1.3 Fighting
 - Level 3.1 Ranged Weapons
 - Level 2.1 Dodging
 - Level 1.0 Spellcasting
 - Level 2.0 Hexes


You had 2 spell levels left.
You knew the following spells:

 Your Spells              Type           Power      Damage    Failure   Level
a - Slow                  Hex            16%        N/A       16%         1

Your spell library contained the following spells:

 Spells                   Type           Power      Damage    Failure   Level
 Inner Flame              Hex/Fire       2%         N/A       56%         3
 Portal Projectile        Hex/Tloc       4%         N/A       56%         3
 Cause Fear               Hex            2%         N/A       83%         4

Inventory:

Hand Weapons
 a - a +1 sling (weapon)
Armour
 c - a +0 robe (worn)
Jewellery
 f - a ring of resist corrosion
Scrolls
 b - a scroll of poison
Potions
 d - a potion of curing {unknown}
 e - a potion of heal wounds {unknown}

Dungeon Overview and Level Annotations

Branches:
Dungeon (1/15)

Altars:


Message History

The jackal bites you but does no damage.
The giant cockroach barely misses you. The jackal misses you.
You shoot a sling bullet.
The sling bullet hits the giant cockroach but does no damage.
The giant cockroach is heavily wounded.
The giant cockroach bites you but does no damage.
The jackal bites you but does no damage.
The giant cockroach barely misses you.
You shoot a sling bullet.
The sling bullet closely misses the giant cockroach.
The sling bullet barely misses the quokka.
The jackal bites you but does no damage.
The giant cockroach bites you. The jackal bites you.
You shoot a sling bullet.
The sling bullet closely misses the giant cockroach.
The sling bullet misses the quokka.
The sling bullet completely misses the hobgoblin.
The jackal closely misses you. The giant cockroach bites you.
The giant cockroach barely misses you. You furiously retaliate!
You headbutt the giant cockroach.
You kill the giant cockroach!
The jackal bites you.
You shoot a sling bullet.
The sling bullet closely misses the jackal.
You hear a shout!
The jackal barely misses you. You furiously retaliate!
You headbutt the jackal. The kobold barely misses you. The jackal bites you.
You shoot a sling bullet.
The sling bullet barely misses the jackal.
The jackal bites you but does no damage.
The kobold hits you but does no damage.
You feel drained.
You shoot a sling bullet.
The sling bullet hits the jackal but does no damage.
The jackal is almost dead.
The jackal closely misses you.
The kobold hits you with a +0 short sword of draining.
You feel drained.
A kobold comes into view. It is wielding a +0 dagger.
The jackal bites you.
You die...

#......# #......#
##...### ? #...#####
.. #...#...# ...
#######...#...# ....
#.........+...# .....
#.........#...#JK....
#.........#(.@Kr.....
#.........#...hg.....
#.........#...#......
#....................
#....................
#........#......##...
#........#......# .#.
#........#......# .
#........##...###


You could see an endoplasm, a quokka, a jackal, a hobgoblin and 2 kobolds.

Vanquished Creatures
  An endoplasm (D:1)
  A giant cockroach (D:1)
  A goblin (D:1)
  3 jackals (D:1)
  A frilled lizard (D:1)
  A rat (D:1)
8 creatures vanquished.

Notes
Turn   | Place    | Note
-------+----------+-------------------------------------------
     0 | D:1      | qw the Minotaur Hexslinger began the quest for the Orb.
     0 | D:1      | Reached XP level 1. HP: 16/16 MP: 1/1
     0 | D:1      | 0 ||| qw: Version: 0.3-a-40-ge99b1a8
     0 | D:1      | 0 ||| qw: Game counter: 7985
     0 | D:1      | 0 ||| qw: Melee chars always use a shield: true
     0 | D:1      | 0 ||| qw: God list: Okawaru
     0 | D:1      | 0 ||| qw: Allow faded altars: false
     0 | D:1      | 0 ||| qw: Do Orc after clearing Dungeon:15 true
     0 | D:1      | 0 ||| qw: Do second Lair branch before Depths: true
     0 | D:1      | 0 ||| qw: Lair rune preference: random
     0 | D:1      | 0 ||| qw: Goals: Normal
     0 | D:1      | 0 ||| PLANNING D:1-11
    82 | D:1      | Reached skill level 3 in Ranged Weapons
    82 | D:1      | Reached XP level 2. HP: 11/23 MP: 2/2
    85 | D:1      | HP: 4/23 [jackal (2)]
    88 | D:1      | HP: 1/22 [kobold/+0 short sword of draining (1)]
    88 | D:1      | Slain by a jackal

Levels and vault maps discovered:
D:1:      amcnicky_arrival_double_pillar, layout_basic, minmay_tromino_v4_c

Skill      XL: |  1 |
---------------+----+-----
Ranged Weapons | 3 |  3.1
Fighting       | |  1.3
Dodging        | |  2.1
Spellcasting   | |  1.0
Hexes          | |  2.0

Action                     || total
---------------------------++-------
   Fire: Sling             ||    26
 Armour: Robe              ||    10
  Dodge: Dodged            ||    26

Table legend:
 A = Non-vault XP
 B = Vault XP
 C = Vault XP percentage of total XP
 D = Non-vault monster count
 E = Vault monster count
 F = Vault count percentage of total count
                 A         B        C        D         E       F
            +---------+---------+-------+---------+---------+-------
      Total |      14 |       0 |   0.0 |       8 |       0 |   0.0
            +---------+---------+-------+---------+---------+-------
        D:1 |      14 |       0 |   0.0 |       8 |       0 |   0.0
            +---------+---------+-------+---------+---------+-------
